 Dungeon Crawl Stone Soup version 0.20.1-1-g8b1a95d (webtiles) character file.

3493 Gargoyl the Cleaver (level 9, -4/79 HPs)
             Began as a Minotaur Abyssal Knight on Oct 4, 2017.
             Was a Priest of Lugonu.
             Slain by a spiny frog (5 damage)
             ... on level 1 of the Lair of Beasts.
             The game lasted 00:13:33 (6990 turns).

Gargoyl the Cleaver (Minotaur Abyssal Knight)       Turns: 6990, Time: 00:13:34

Health: -4/79      AC: 24    Str: 17    XL:     9   Next: 80%
Magic:  20/20      EV:  3    Int:  9    God:    Lugonu [***...]
Gold:   555        SH: 17    Dex: 13    Spells: 8/8 levels left

rFire    . . .     SeeInvis .   B - +1 war axe
rCold    . . .     Gourm    .   E - +0 large shield
rNeg     . . .     Faith    .   H - +0 plate armour
rPois    .         Spirit   .   f - +2 hat
rElec    .         Reflect  .   p - +0 cloak
rCorr    .         Harm     .   g - +2 pair of gloves
MR       .....                  h - +0 pair of boots
Stlth    ..........             C - amulet of rage
Regen    0.7/turn               k - ring of flight
MPRegen  0.2/turn               o - ring of magical power

@: lethally poisoned (-4 -> -24)
A: retaliatory headbutt, horns 2, large bone plates 1, slimy green scales 1, low
mp 1, regeneration 1, MP-powered wands
a: Depart the Abyss, Bend Space, Banish, Renounce Religion, Evoke Berserk Rage,
Evoke Flight


You were on level 1 of the Lair of Beasts.
You worshipped Lugonu.
Lugonu was most pleased with you.
You were not hungry.

You visited 2 branches of the dungeon, and saw 9 of its levels.
You visited the Abyss 1 time.

You collected 555 gold pieces.

Inventory:

Hand Weapons
 a - a +2 hand axe
 B - a +1 war axe (weapon)
Armour
 f - a +2 hat (worn)
 g - a +2 pair of gloves (worn)
 h - a +0 pair of boots (worn)
 p - a +0 cloak (worn)
 E - a +0 large shield (worn)
 H - a +0 plate armour (worn)
Jewellery
 k - a ring of flight (left hand)
 o - a ring of magical power (right hand)
 C - an amulet of rage (around neck)
Wands
 i - a wand of polymorph (18/24)
 u - a wand of acid (7/15)
 y - a wand of acid (5/15)
 z - a wand of polymorph (13/24)
Scrolls
 q - 5 scrolls of teleportation
 s - 2 scrolls of amnesia
 w - 4 scrolls of remove curse
Potions
 b - a potion of mutation {unknown}
 d - 4 potions of heal wounds
 e - a potion of berserk rage {unknown}
 j - 2 potions of brilliance
 m - a potion of flight {unknown}
 x - 2 potions of curing
 A - a potion of resistance {unknown}
 D - a potion of agility
Books
 t - a book of Changes

   Spells                             Type                      Level
   a - Beastly Appendage              Transmutation                1
   b - Sticks to Snakes               Transmutation                2
   c - Spider Form                    Transmutation/Poison         3
   d - Ice Form                       Ice/Transmutation            4
   e - Blade Hands                    Transmutation                5
 v - a book of Power

   Spells                             Type                      Level
   a - Iskenderun's Battlesphere      Conjuration/Charms           5
   b - Venom Bolt                     Conjuration/Poison           5
   c - Bolt of Magma                  Conjuration/Fire/Earth       5
   d - Iron Shot                      Conjuration/Earth            6
   e - Orb of Destruction             Conjuration                  7
   f - Spellforged Servitor           Conjuration/Summoning        7
Comestibles
 c - 3 bread rations
 l - 4 royal jellies
 r - a fruit
 F - 3 meat rations
 G - 7 chunks of flesh


   Skills:
 + Level 7.2 Fighting
 + Level 9.0 Axes
 * Level 9.0 Armour
 + Level 4.1 Dodging
 + Level 3.9 Shields
 * Level 6.4 Invocations


You had 8 spell levels left.
You didn't know any spells.

Dungeon Overview and Level Annotations

Branches:
Dungeon (8/15)             Temple (0/1) D:5            Lair (1/6) D:8

Altars:


Innate Abilities, Weirdness & Mutations

You reflexively headbutt those who attack you in melee.
You have a pair of horns on your head.
You are partially covered in large bone plates. (SH +4)
You are partially covered in slimy green scales. (AC +2)
Your magical capacity is low. (-10% MP)
Your natural rate of healing is unusually fast.
You expend magic power (3 MP) to strengthen your wands.


Message History

You hit the spiny frog.
You feel very sick. You block the spiny frog's attack. x2
Unknown command.
You slash the spiny frog!
The spiny frog is heavily wounded.
You hit the spiny frog.
You feel very sick.
You block the spiny frog's attack. x3; The spiny frog stings you!
* * * LOW HITPOINT WARNING * * *
Unknown command.
You hit the spiny frog. Your headbutt misses the spiny frog.
The spiny frog is severely wounded.
You hit the spiny frog but do no damage.
* * * LOW HITPOINT WARNING * * *
You feel very sick. The spiny frog stings you!
* * * LOW HITPOINT WARNING * * *
The spiny frog stings you.
You die...

##............
.............
............
........... ....
.......... ......
.....(...# .......
........F##.......
.......@F.........
#..................
#####...............
#.##............ ##
#...........
##.........
#........##
##........<##.#
##............#


You could see 2 spiny frogs.

Vanquished Creatures
  A shining eye (D:5)
  A komodo dragon (D:8)
  A hippogriff (Lair:1)
  Sigmund (D:2)
  The ghost of QuCean the Skirmisher, an amateur DsBe of Trog (D:3)
  An ice beast (D:5)
  A black bear (D:8)
  An orc warrior (D:8)
  2 sky beasts
  A necrophage (D:8)
  3 ogres
  3 centaurs
  A gnoll sergeant (D:5)
  A big kobold (D:8)
  4 bullfrogs
  A howler monkey (D:4)
  4 crimson imps
  A bullfrog skeleton (D:6)
  2 hounds
  A jelly (D:6)
  2 centaur skeletons (D:5)
  An orc priest (D:6)
  3 orc wizards
  2 iguanas
  Terence (D:3)
  6 worker ants
  A killer bee zombie (D:6)
  2 hound skeletons (D:6)
  2 howler monkey zombies (D:5)
  3 gnolls (D:5)
  A howler monkey skeleton (D:4)
  6 adders
  3 shadow imps
  An adder zombie (D:6)
  A dart slug (D:1)
  2 leopard geckos
  13 orcs
  7 giant cockroaches
  5 goblins
  5 hobgoblins
  11 kobolds
  3 quokkas
  3 ball pythons
  9 bats
  5 frilled lizards
  A quokka skeleton (D:7)
  A quokka zombie (D:7)
  10 rats
142 creatures vanquished.

Vanquished Creatures (others)
  7 plants (D:8)
7 creatures vanquished.

Grand Total: 149 creatures vanquished

Notes
Turn   | Place    | Note
-------+----------+-------------------------------------------
     0 | Abyss:1  | Gargoyl the Minotaur Abyssal Knight began the quest for the Orb.
     0 | Abyss:1  | Reached XP level 1. HP: 19/19 MP: 1/1
    75 | Abyss:2  | Noticed a small abomination
    84 | Abyss:2  | Noticed a smoke demon
    84 | D:1      | Escaped the Abyss
   199 | D:1      | Reached * piety under Lugonu
   380 | D:1      | Reached XP level 2. HP: 27/27 MP: 2/2
  1355 | D:2      | Noticed Sigmund
  1356 | D:2      | Reached XP level 3. HP: 32/33 MP: 3/3
  1377 | D:2      | Killed Sigmund
  1377 | D:2      | Reached XP level 4. HP: 17/41 MP: 3/5
  1377 | D:2      | Reached XP level 5. HP: 20/47 MP: 3/6
  2218 | D:3      | Noticed QuCean's ghost (amateur DsBe)
  2233 | D:3      | Killed QuCean's ghost
  2233 | D:3      | Reached skill level 1 in Shields
  2233 | D:3      | Reached XP level 6. HP: 28/55 MP: 7/7
  2486 | D:3      | Noticed Terence
  2509 | D:3      | Killed Terence
  2748 | D:3      | Reached ** piety under Lugonu
  3126 | D:4      | Reached skill level 5 in Armour
  3126 | D:4      | Reached XP level 7. HP: 54/60 MP: 8/8
  3397 | D:5      | Entered Level 5 of the Dungeon
  3671 | D:5      | Reached skill level 5 in Fighting
  3671 | D:5      | Reached skill level 5 in Axes
  4245 | D:5      | Found a staircase to the Ecumenical Temple.
  4463 | D:5      | Reached XP level 8. HP: 68/68 MP: 10/10
  4469 | D:5      | Noticed a two-headed ogre
  4728 | D:5      | Noticed a shining eye
  4728 | D:5      | a two-headed ogre changed into a shining eye
  4738 | D:5      | Gained mutation: You expend magic power (3 MP) to strengthen your wands. [a shining eye]
  4751 | D:5      | Killed a shining eye
  5031 | D:6      | Reached skill level 5 in Invocations
  5344 | D:6      | Reached *** piety under Lugonu
  5813 | D:6      | Gained mutation: You are partially covered in large bone plates. (SH +4) [mutagenic meat]
  5816 | D:6      | Gained mutation: You have large cloven feet. [mutagenic meat]
  5817 | D:6      | Gained mutation: You are partially covered in slimy green scales. (AC +2) [mutagenic meat]
  5908 | D:7      | Reached XP level 9. HP: 75/75 MP: 12/12
  5949 | D:7      | Lost mutation: You have large cloven feet. [mutagenic meat]
  5951 | D:7      | Gained mutation: Your magical capacity is low. (-10% MP) [mutagenic meat]
  5952 | D:7      | Gained mutation: Your natural rate of healing is unusually fast. [mutagenic meat]
  6846 | D:8      | Noticed a komodo dragon
  6862 | D:8      | Killed a komodo dragon
  6879 | D:8      | Found a staircase to the Lair.
  6959 | Lair:1   | Entered Level 1 of the Lair of Beasts
  6977 | Lair:1   | Noticed a spiny frog
  6979 | Lair:1   | Noticed a spiny frog
  6990 | Lair:1   | HP: 1/79 [spiny frog (9)]
  6990 | Lair:1   | Slain by a spiny frog

Skill      XL: |  1  2  3  4  5  6  7  8  9 |
---------------+----------------------------+-----
Invocations    | 2 3 4 5 6 |  6.4
Fighting       | 4 5 6 7 |  7.2
Axes           | 3 4 5 7 9 |  9.0
Armour         | 3 4 5 6 7 9 |  9.0
Dodging        | 2 3 4 |  4.1
Shields        | 1 2 3 |  3.9

Action                   |  1- 3 |  4- 6 |  7- 9 || total
-------------------------+-------+-------+-------++-------
Melee: Hand axe          |    70 |    98 |   206 ||   374
       Headbutt          |    10 |    14 |    85 ||   109
       War axe           |       |       |   194 ||   194
Invok: Depart the Abyss  |     1 |       |       ||     1
Evoke: Wand              |       |       |     1 ||     1
  Use: Potion            |     1 |       |       ||     1
       Scroll            |     4 |     5 |    12 ||    21
  Eat: Chunk             |     1 |     6 |    21 ||    28
Armor: Leather armour    |    22 |       |       ||    22
       Ring mail         |     9 |       |       ||     9
       Scale mail        |     5 |    42 |       ||    47
       Chain mail        |       |    14 |   213 ||   227
       Plate armour      |       |       |    10 ||    10
       Skin              |       |       |     2 ||     2
Dodge: Dodged            |    48 |    61 |   114 ||   223
Block: Buckler           |    14 |    23 |    55 ||    92
       Large shield      |       |       |    72 ||    72
